 Dungeon Crawl Stone Soup version 0.31-a0-609-g7bf6ffcfed (webtiles) character file.

Game seed: 10015447165278236701

224 innerfire43 the Ruffian (level 6, -3/47 HPs)
             Began as a Gnoll Shapeshifter on Aug 21, 2023.
             Slain by a gnoll
             ... wielding a +0 spear
              (6 damage)
             ... on level 3 of the Dungeon.
             The game lasted 00:01:38 (1551 turns).

innerfire43 the Ruffian (Gnoll Shapeshifter)        Turns: 1551, Time: 00:01:39

Health: -3/47      AC:  2    Str: 17    XL:     6   Next: 0%
Magic:  8/8        EV: 13    Int:  7    God:
Gold:   129        SH:  0    Dex: 12    Spells: 8/8 levels left

rFire   . .          .
                       - Unarmed
rCold   . . .        (shield currently unavailable)
rNeg    . . .        a - +0 animal skin
rPois   .            (no helmet)
rElec   .            (no cloak)
rCorr   .            (no gloves)
SInv    .            (no boots)
Will    .....        i - amulet of regeneration
Stlth   +            (no ring)
HPRegen 1.07/turn    (no ring)
MPRegen 0.11/turn

%: no passive effects
@: flux-form, glowing, invisible (but backlit and visible)
A: glow, contaminating, fangs 1, strong nose, distributed training
a: Begin Untransformation


You were on level 3 of the Dungeon.
You were something dangerously unstable.
You visited 1 branch of the dungeon, and saw 4 of its levels.

You collected 129 gold pieces.

Inventory:

Armour
 a - a +0 animal skin (worn)
Jewellery
 i - an amulet of regeneration (around neck)
 l - a +6 ring of intelligence
Talismans
 c - a beast talisman
 d - a flux talisman (active)
Scrolls
 f - a scroll of enchant armour {unknown}
 h - 2 scrolls of fog {unknown}
 j - a scroll of identify {unknown}
 k - a scroll of teleportation {unknown}
 m - a scroll of poison {unknown}
Potions
 b - 2 potions of lignification
 g - 3 potions of curing {unknown}


   Skills:
 + Level 3.1 Fighting
 + Level 1.7 Short Blades
 + Level 1.7 Long Blades
 + Level 1.7 Axes
 + Level 1.7 Maces & Flails
 + Level 1.7 Polearms
 + Level 1.7 Staves
 + Level 1.7 Ranged Weapons
 + Level 1.7 Throwing
 + Level 1.7 Armour
 + Level 4.9 Dodging
 + Level 1.7 Stealth
 + Level 1.7 Shields
 + Level 6.7 Unarmed Combat
 + Level 1.7 Spellcasting
 + Level 1.3 Conjurations
 + Level 1.3 Hexes
 + Level 1.3 Summonings
 + Level 1.3 Necromancy
 + Level 1.3 Translocations
 + Level 1.3 Transmutations
 + Level 1.3 Fire Magic
 + Level 1.3 Ice Magic
 + Level 1.3 Air Magic
 + Level 1.3 Earth Magic
 + Level 1.3 Poison Magic
 + Level 2.0 Invocations
 + Level 1.7 Evocations
 + Level 6.6 Shapeshifting


You had 8 spell levels left.
You didn't know any spells.
Your spell library contained the following spells:

 Spells                   Type           Power      Damage    Failure   Level
 Ozocubu's Armour         Ice            2%         N/A       56%         3
 Ozocubu's Refrigeration  Ice            1%         4d7       100%        7


Dungeon Overview and Level Annotations

Branches:
Dungeon (4/15)
 Temple: D:4-7

Altars:


Innate Abilities, Weirdness & Mutations

You are something dangerously unstable.
You glow with magical radiation, making you easy to see and hit.
Foes you strike become dangerously contaminated with magical radiation.
You are incapable of wielding weapons or throwing items.
You have very sharp teeth.
Your uncanny sense of smell can sniff out nearby items.
Your experience applies equally to all skills.


Message History

The gnoll hits you from afar with a +0 spear!
The gnoll hits you from afar with a +0 spear.
Your Invocations skill increases to level 2!
You are too injured to fight recklessly!
You hit the quokka.
The quokka begins to glow.
The quokka is lightly wounded.
The quokka bites you but does no damage.
The gnoll hits you from afar with a +0 spear. x2
You hit the quokka but do no damage.
The quokka glows dangerously bright.
Your bite misses the quokka.
The quokka is lightly wounded.
The quokka closely misses you. The gnoll closely misses you.
The quokka closely misses you. The gnoll closely misses you.
You closely miss the quokka. You bite the quokka.
The quokka is heavily wounded.
The quokka twitches its whiskers.
The quokka barely misses you.
You hit the quokka.
The quokka shudders as magic cascades through it!!
You kill the quokka!
The gnoll hits you from afar with a +0 spear!
* * * LOW HITPOINT WARNING * * *
The gnoll closely misses you.
You have reached level 6!
Found 11 gold pieces.
Found an escape hatch in the ceiling.
The gnoll closely misses you. The gnoll completely misses you.
You hit the gnoll.
The gnoll begins to glow.
The gnoll is moderately wounded.
The gnoll closely misses you. The gnoll hits you with a +0 spear.
* * * LOW HITPOINT WARNING * * *
You barely miss the gnoll.
The gnoll is moderately wounded.
The gnoll hits you from afar with a +0 spear!
* * * LOW HITPOINT WARNING * * *
The gnoll closely misses you.
It was a potion of invisibility.
You become transparent, but the glow from your form prevents you from becoming completely invisible.
The gnoll hits you but does no damage.
The gnoll hits you from afar with a +0 spear.
You die...

#.# #.# #.#
#.#
!.#####.####
.......>...+
#######.####∆
#..))..#
#..B...#
#...g.g...#
#..)......#
#.........#
#..........$
........###...
.......<. ...+
...<....# ..#


You could see 2 gnolls.

Vanquished Creatures
  A scorpion (D:4)
  A hound (D:4)
  2 iguanas (D:4)
  A gnoll (D:3)
  An adder (D:2)
  A worm (D:2)
  4 dart slugs (D:1)
  3 orcs (D:4)
  4 endoplasms
  5 giant cockroaches
  6 goblins
  A hobgoblin (D:1)
  7 kobolds
  4 quokkas
  3 ball pythons
  4 bats
  2 frilled lizards (D:1)
  3 rats
53 creatures vanquished.

Notes
Turn   | Place    | Note
-------+----------+-------------------------------------------
     0 | D:1      | innerfire43 the Gnoll Shapeshifter began the quest for the
                  | Orb.
     0 | D:1      | Reached XP level 1. HP: 17/17 MP: 1/1
    84 | D:1      | Reached XP level 2. HP: 23/23 MP: 2/2
   341 | D:1      | Reached XP level 3. HP: 28/28 MP: 3/3
   478 | D:1      | Reached skill level 1 in Invocations
   711 | D:2      | Reached skill level 1 in Short Blades
   711 | D:2      | Reached skill level 1 in Long Blades
   711 | D:2      | Reached skill level 1 in Axes
   711 | D:2      | Reached skill level 1 in Maces & Flails
   711 | D:2      | Reached skill level 1 in Polearms
   711 | D:2      | Reached skill level 1 in Staves
   711 | D:2      | Reached skill level 1 in Ranged Weapons
   711 | D:2      | Reached skill level 1 in Throwing
   711 | D:2      | Reached skill level 1 in Armour
   711 | D:2      | Reached skill level 1 in Stealth
   711 | D:2      | Reached skill level 1 in Shields
   711 | D:2      | Reached skill level 1 in Spellcasting
   711 | D:2      | Reached skill level 1 in Evocations
   873 | D:2      | Reached XP level 4. HP: 34/34 MP: 5/5
  1001 | D:2      | You fall into a shaft and drop 2 floors!
  1061 | D:4      | Reached skill level 1 in Conjurations
  1061 | D:4      | Reached skill level 1 in Hexes
  1061 | D:4      | Reached skill level 1 in Summonings
  1061 | D:4      | Reached skill level 1 in Necromancy
  1061 | D:4      | Reached skill level 1 in Translocations
  1061 | D:4      | Reached skill level 1 in Transmutations
  1061 | D:4      | Reached skill level 1 in Fire Magic
  1061 | D:4      | Reached skill level 1 in Ice Magic
  1061 | D:4      | Reached skill level 1 in Air Magic
  1061 | D:4      | Reached skill level 1 in Earth Magic
  1061 | D:4      | Reached skill level 1 in Poison Magic
  1159 | D:4      | Noticed a scorpion
  1164 | D:4      | Killed a scorpion
  1165 | D:4      | Reached XP level 5. HP: 27/41 MP: 5/7
  1548 | D:3      | Reached XP level 6. HP: 11/47 MP: 8/8
  1550 | D:3      | HP: 2/47 [gnoll/+0 spear (7)]
  1551 | D:3      | Slain by a gnoll

Illustrated notes

Levels and vault maps discovered:
D:1:      heliophobic_arrival_ceremonial_halls, layout_basic,
          grunt_decor_junction, minmay_pentomino_w2
D:2:      layout_rooms
D:3:      kb_forest_paths, layout_basic, minivault_27, minmay_tree_intersection,
          chequers_decorated_corner
D:4:      nicolae_cairo_tiling, layout_basic, skrybe_limestone_x

Skill      XL: |  1  2  3  4  5 |
---------------+----------------+-----
Invocations    | 1 2 |  2.0
Short Blades   | 1 |  1.7
Long Blades    | 1 |  1.7
Axes           | 1 |  1.7
Maces & Flails | 1 |  1.7
Polearms       | 1 |  1.7
Staves         | 1 |  1.7
Ranged Weapons | 1 |  1.7
Throwing       | 1 |  1.7
Armour         | 1 |  1.7
Stealth        | 1 |  1.7
Shields        | 1 |  1.7
Spellcasting   | 1 |  1.7
Evocations     | 1 |  1.7
Conjurations   | 1 |  1.3
Hexes          | 1 |  1.3
Summonings     | 1 |  1.3
Necromancy     | 1 |  1.3
Translocations | 1 |  1.3
Transmutations | 1 |  1.3
Fire Magic     | 1 |  1.3
Ice Magic      | 1 |  1.3
Air Magic      | 1 |  1.3
Earth Magic    | 1 |  1.3
Poison Magic   | 1 |  1.3
Fighting       | 3 |  3.1
Dodging        | |  4.9
Unarmed Combat | |  6.7
Shapeshifting  | |  6.6

Action                     |  1- 3 |  4- 6 || total
---------------------------+-------+-------++-------
  Melee: Unarmed           |    85 |    60 ||   145
         Bite              |     8 |    10 ||    18
         Punch             |     1 |       ||     1
    Use: Potion            |       |     1 ||     1
 Armour: Animal skin       |    12 |     8 ||    20
  Dodge: Dodged            |    46 |    54 ||   100
   Form: Flux              |     1 |       ||     1

Table legend: (Time is in decaauts)
 A = Elapsed time spent in this place.
 B = Non-inter-level travel time spent in this place.
 C = Inter-level travel time spent in this place.
 D = Time resting spent in this place.
 E = Time spent auto-exploring this place.
 F = Levels seen in this place.
 G = Mean time per level.
                   A        B        C        D        E       F      G
               +--------+--------+--------+--------+--------+-----+--------+
         Total |   1532 |   1505 |     27 |      0 |   1207 |   4 |  383.0 |
       Dungeon |   1532 |   1505 |     27 |      0 |   1207 |   4 |  383.0 |
               +--------+--------+--------+--------+--------+-----+--------+

Top non-repeatable levels by time:
     D:1: 694 daAuts
     D:4: 530 daAuts
     D:2: 293 daAuts
     D:3: 14 daAuts
